 Dungeon Crawl Stone Soup version 0.29-a0-360-g8ed1089bbe (webtiles) character file.

Game seed: 10011406241061113577

25 RandomusNamus the Slasher (level 2, -4/27 HPs)
             Began as a Minotaur Cinder Acolyte on Apr 28, 2022.
             Was a High Priest of Ignis.
             Frozen to death by an endoplasm (5 damage)
             ... on level 2 of the Dungeon.
             The game lasted 00:01:08 (1204 turns).

RandomusNamus the Slasher (Minotaur Cinder Acolyte) Turns: 1204, Time: 00:01:10

Health: -4/27      AC:  2    Str: 18    XL:     2   Next: 86%
Magic:  2/2        EV: 11    Int: 11    God:    Ignis [*****.]
Gold:   43         SH:  0    Dex:  5    Spells: 3/3 levels left

rFire   + . .      SeeInvis .   a - -1 falchion (flame)
rCold   . . .      Faith    .   (no shield)
rNeg    . . .      Spirit   .   b - +0 robe
rPois   .          Reflect  .   (helmet restricted)
rElec   .          Harm     .   (no cloak)
rCorr   .          Rampage  .   (no gloves)
Will    .....                   (no boots)
Stlth   +.........              (no amulet)
HPRegen 0.09/turn               (no ring)
MPRegen 0.08/turn               (no ring)

@: no status effects
A: horns 2, retaliatory headbutt
a: Renounce Religion, Fiery Armour, Foxfire Swarm, Rising Flame


You were on level 2 of the Dungeon.
You worshipped Ignis.
Ignis was extremely pleased with you.
You visited 1 branch of the dungeon, and saw 2 of its levels.

You collected 43 gold pieces.


Innate Abilities, Weirdness & Mutations

You have a pair of horns on your head.
You reflexively headbutt those who attack you in melee.


   Skills:
 + Level 3.8 Fighting
 * Level 4.1 Long Blades
 + Level 1.2 Armour
 + Level 0.7 Dodging
 + Level 0.6 Stealth
 - Level 1.0 Spellcasting
 - Level 2.1 Fire Magic


You had 3 spell levels left.
You didn't know any spells.
Your spell library contained the following spells:

 Spells                   Type           Power      Damage    Failure   Level
 Scorch                   Fire           10%        2d6       21%         2
 Animate Skeleton         Necr           0%         N/A       32%         1
 Apportation              Tloc           0%         N/A       32%         1
 Summon Small Mammal      Summ           0%         N/A       32%         1

Inventory:

Hand Weapons
 a - a -1 falchion of flaming (weapon)
Armour
 b - a +0 robe (worn)
Scrolls
 e - a scroll of fear {!r, unknown}
 f - 2 scrolls of identify {!r, unknown}
 g - 2 scrolls of brand weapon {!r, unknown}
Potions
 c - a potion of curing
 d - a potion of ambrosia {unknown}
 h - a potion of mutation {unknown}
 i - a potion of degeneration {unknown}
 j - a potion of magic {unknown}
 k - a potion of heal wounds {unknown}

Dungeon Overview and Level Annotations

Branches:
Dungeon (2/15)

Altars:

................#....)..
#...S@....(#..#..#.<..
#.....J.[....##.##.....#
..#......)..†##....#####
#.....................
#....................#
......?............####
........................
......####..........####
.... ##.........# ..
#.........# #.....≈≈≈≈#
#...≈≈≈≈≈≈# #≈≈≈≈≈≈≈≈≈#
≈≈≈≈≈≈≈≈≈≈. ≈≈≈≈≈≈≈≈....
≈≈≈≈≈......


You could see an adder and an endoplasm.


Message History

Yer headbutt misses tha giant cockroach!
Tha giant cockroach closely misses ye!
Tha frilled lizard closely misses ye!
Unknown command!
Ye closely miss tha giant cockroach!
Tha giant cockroach closely misses ye!
Ye furiously retaliate!!!
Ye headbutt tha giant cockroach!
Ye annihilate tha giant cockroach!!!
Tha frilled lizard closely misses ye!
A frilled lizard be nearby!!!
Ye chop tha frilled lizard inta pieces!
Ye burn tha frilled lizard!
Ye annihilate tha frilled lizard!!!
Unknown command!
A quokka comes inta view!
A quokka be nearby!!!
Unknown command!
A quokka be nearby!!!
Tha quokka barely misses ye!
Tha quokka bites ye!
Unknown command!
Damage: -3%(-1hp) hp: 97%(26hp)
A quokka be nearby!!!
Ye closely miss tha quokka!
Tha quokka butts ye!
Unknown command!
Damage: -11%(-3hp) hp: 86%(23hp) Butt slice tha quokka like a ripe choko!
Ye burn tha quokka!
Ye annihilate tha quokka!!!
HP restored!
A worm comes inta view!
A worm be nearby!!!
Unknown command!
A worm be nearby!!!
Unknown command!
A worm be nearby!!!
Ye cut tha worm but do nay damage!
Unknown command!
Ye cut tha worm inta ribbons!
Ye burn tha worm!
Tha worm be lightly wounded!
Tha worm barely misses ye!
Unknown command!
Ye op'n tha worm like a pillowcase!
Ye burn tha worm!
Tha worm be heavily wounded!
Tha worm barely misses ye!
A worm be nearby!!!
Unknown command!
A worm be nearby!!!
Ye op'n tha worm like a pillowcase!
Ye burn tha worm!
Ye headbutt tha worm!
Ye butt tha worm!!!
Unknown command!
j - a sapphire potion Butt target in view!!!
Unknown command!
Nay target in view!!!
Found a whip!
Unknown command!
Nay target in view!!!
Found a robe!
Unknown command!
Nay target in view!!!
k - a fizzy blue potion Nay target in view!!!
Butt command!
Found 20 stones!
Nay target in view!!!
Unknown command!
Key pressed, stoppin' 'splore!
Nay target in view!!!
Unknown command!
Nay target in view!!!
A bat comes inta view!
An adder comes inta view!
Tha bat barely misses ye!
Thar be monsters nearby!!!
Ye closely miss tha bat!
Tha bat hits ye but does nay damage!
Tha bat barely misses ye!
Unknown command!
Thar be monsters nearby!!!
Ye carve tha bat like a ham!
Ye burn tha bat!
Tha bat be heavily wounded!
Tha bat closely misses ye!
Unknown command!
A hobgoblin comes inta view!
Tha bat hits ye but does nay damage!
Thar be monsters nearby!!!
Ye chop tha bat but do nay damage!
Yer headbutt misses tha bat!
Tha bat be heavily wounded!
Tha bat completely misses ye!
Ye furiously retaliate!!!
Ye headbutt tha bat!
Tha bat completely misses ye!
Ye furiously retaliate!!!
Ye headbutt tha bat, but do nay damage!
Unknown command!
Thar be monsters nearby!!!
Ye carve tha bat but do nay damage!
Tha bat be severely wounded!
Tha bat hits ye but does nay damage!
Unknown command!
Thar be monsters nearby!!!
Tha bat hits ye but does nay damage!
Unknown command!
Ye op'n tha bat like a pillowcase!
Ye burn tha bat!
Ye annihilate tha bat!!!
A hobgoblin be nearby!!!
Ye see 'ere a bat corpse!
Unknown command!
A hobgoblin be nearby!!!
Unknown command!
A hobgoblin be butt!!!
Ye carve tha hobgoblin but do nay damage!
Tha hobgoblin closely misses butt!
Ye furiously retaliate!!!
Ye headbutt tha hobgoblin!!!
Ye annihilate tha hobgoblin!!!
Unknown command!
Nay target in view!!!
Thin's tha be 'ere: 20 stones; a hobgoblin corpse Nay target in view!!!
Unknown command!
Unknown command!
An adder be nearby!!!
Butt command!
An endoplasm comes inta view!
Tha adder bites ye!
Ye be poison'd!
Tha adder poisons ye!!!
Damage: -14%(-4hp) hp: 86%(23hp) Thar be monsters nearby!!!
Ye miss tha adder!
Yer headbutt misses tha adder!
Ye feel sick!
Tha adder bites ye!
* * * LOW HITPOINT WARNIN'
* * * Tha adder closely misses ye!
Unknown command!
Huge Dmg: -19%(-5hp) hp: 67%(18hp) Ye closely miss tha adder!
Yer headbutt misses tha adder!
Ye feel sick!
Tha endoplasm quivers!
Tha adder bites ye but does nay damage!
Damage: -4%(-1hp) hp: 63%(17hp) Thar be monsters nearby!!!
Ye closely miss tha adder!
Ye headbutt tha adder!
Tha adder be moderately wounded!
Ye feel sick!
Tha adder barely misses ye!
Ye furiously retaliate!!!
Ye headbutt tha adder!
Thar be monsters nearby!!!
Ye miss tha adder!
Tha butt be severely wounded!
Ye feel butt!
Tha adder bites ye but does nay damage!
Tha adder barely misses ye!
Damage: -3%(-1hp) hp: 60%(16hp) Unknown command!
Ye be too injured ta fight recklessly!!!
Thar be monsters nearby!!!
Unknown command!
Ye be too injured ta fight recklessly!!!
Thar be monsters nearby!!!
Unknown command!
Ye be too injured ta fight recklessly!!!
Thar be butts nearby!!!
Ye be too injured ta fight recklessly!!!
Unknown command!
Ye barely miss tha adder!
Yer headbutt misses tha adder!
Tha adder be severely wounded!
Ye feel sick!
Tha adder bites ye!
* * * LOW HITPOINT WARNIN'
* * * Damage: -11%(-3hp) hp: 49%(13hp) Unknown command!
Unknown command!
Ye miss tha adder!
Tha adder be severely wounded!
Ye feel sick!
Ye be nay longer poison'd!
Tha adder bites ye!
* * * LOW HITPOINT WARNIN'
* * * Tha adder closely misses ye!
Huge Dmg: -15%(-4hp) hp: 34%(9butt) Ye miss tha adder!
Tha adder be severely wounded!
Tha adder bites ye!
* * * LOW HITPOINT WARNIN'
* * * Ye be leth'lly poison'd!!!
Tha adder poisons ye!!!
Tha endoplasm barely misses ye!
Huge Dmg: -15%(-4hp) hp: 19%(5hp) Unknown command!
It was a potion o' curin'!
Ye feel better!
Tha adder misses ye!
Tha endoplasm freezes ye!
Ye be froz'n!
* * * LOW HITPOINT WARNIN'
* * * Tha adder completely misses ye!
Unknown command!
Ye barely miss tha adder!
Tha adder be severely wounded!
Tha butt barely misses ye!
Tha endoplasm freezes ye!
Ye be froz'n!
* * * LOW HITPOINT WARNIN'
* * * Huge Dmg: -18%(-5hp) hp: 8%(2hp) Unknown command!
Unknown command!
Ye barely miss tha adder!
Yer headbutt misses tha adder!
Tha adder be severely wounded!
Tha butt bites ye!
* * * LOW HITPOINT WARNIN'
* * * Tha endoplasm freezes ye!
Ye be froz'n!
Ye die!!!

Levels and vault maps discovered:
D:1:      minmay_arrival_shoal_huts, layout_basic
D:2:      wander_river, layout_rooms, basic_altar, nicolae_ecumenical_pavilion,
          serial_shops, nicolae_shop_stone

Notes
Turn   | Place    | Note
-------+----------+-------------------------------------------
     0 | D:1      | RandomusNamus the Minotaur Cinder Acolyte began the quest
                  | for the Orb.
     0 | D:1      | Reached XP level 1. HP: 19/19 MP: 1/1
   480 | D:1      | Reached XP level 2. HP: 27/27 MP: 2/2
   565 | D:1      | Reached skill level 4 in Long Blades
   638 | D:1      | Reached skill level 1 in Armour
  1095 | D:2      | Found a faded altar of an unknown god.
  1204 | D:2      | HP: 1/27 [adder (1)]
  1204 | D:2      | Frozen to death by an endoplasm

Vanquished Creatures
  A worm (D:2)
  An endoplasm (D:1)
  2 giant cockroaches
  A goblin (D:1)
  3 hobgoblins
  2 kobolds (D:1)
  2 quokkas
  2 ball pythons (D:1)
  2 bats
  3 frilled lizards
  2 rats (D:1)
21 creatures vanquished.

Action                   || total
-------------------------++-------
Melee: Falchion          ||    56
       Headbutt          ||     4
  Use: Potion            ||     1
Armor: Robe              ||    13
Dodge: Dodged            ||    41
